 Dungeon Crawl Stone Soup version 0.30.0 (webtiles) character file.

Game seed: 14508772136606340526

651 porada001 the Fighter (level 7, -1/63 (68) HPs)
             Began as a Hill Orc Berserker on July 25, 2023.
             Was a Believer of Trog.
             Slain by comradetweed's ghost (10 damage)
             ... on level 4 of the Dungeon.
             The game lasted 00:36:03 (4093 turns).

porada001 the Fighter (Hill Orc Berserker)          Turns: 4093, Time: 00:36:04

HP:   -1/63 (68)    AC: 14    Str: 22    XL:     7   Next: 53%
MP:   7/7           EV:  9    Int:  7    God:    Trog [**....]
Gold: 175           SH:  5    Dex: 10    Spells: 6/6 levels left

rFire   . . .        g - +0 mace
rCold   . . .        v - +0 buckler
rNeg    . . .        p - +0 chain mail
rPois   .            u - +0 helmet
rElec   .            (no cloak)
rCorr   .            i - +0 pair of gloves
SInv    .            (no boots)
Will    +....        (no amulet) Stlth
                     f - ring of willpower
HPRegen 0.30/turn    (no ring)
MPRegen 0.10/turn

%: no passive effects
@: drained
A: iridescent scales 1, evolution 1
a: Renounce Religion, Berserk, Trog's Hand


You were on level 4 of the Dungeon.
You worshipped Trog.
Trog was pleased with you.
You visited 1 branch of the dungeon, and saw 4 of its levels.

You collected 175 gold pieces.

Inventory:

Hand Weapons
 a - a +0 heavy hand axe
 g - a +0 mace (weapon)
 j - a +0 falchion
 k - a +2 whip of electrocution
 s - a +0 whip
Armour
 b - a +0 animal skin
 c - a +0 scale mail
 e - a +0 leather armour
 i - a +0 pair of gloves (worn)
 m - a +0 robe
 n - a +0 ring mail
 p - a +0 chain mail (worn)
 u - a +0 helmet (worn)
 v - a +0 buckler (worn)
Jewellery
 f - a ring of willpower (left hand)
Scrolls
 d - a scroll of torment {unknown}
 h - 3 scrolls of poison {unknown}
 l - a scroll of identify
 q - a scroll of blinking {unknown}
 t - a scroll of fear {unknown}


   Skills:
 + Level 8.1 Fighting
 + Level 7.3(8.6) Axes
 + Level 5.7(7.0) Maces & Flails
 + Level 6.3 Armour
 + Level 4.7 Dodging
 + Level 4.4 Stealth
 + Level 5.2 Shields


You had 6 spell levels left.
You didn't know any spells.
Your spell library contained the following spells:

 Spells                   Type           Power      Damage    Failure   Level
 Dazzling Flash           Conj/Hex       0%         N/A       100%        3
 Agony                    Necr           0%         N/A       100%        5
 Silence                  Hex/Air        0%         N/A       100%        5


Dungeon Overview and Level Annotations

Branches:
Dungeon (4/15)
 Temple: D:4-7

Altars:
Makhleb
Wu Jian
Zin

Annotations:
D:4 Blork the orc; comradetweed's ghost, novice DsGl


Innate Abilities, Weirdness & Mutations

You are partially covered in iridescent scales. (AC +2)
You have hidden genetic potential.


Message History

Comradetweed's ghost hits you but does no damage.
The wight hits you from afar with a +0 halberd.
You feel drained.
You hit comradetweed's ghost but do no damage.
Comradetweed's ghost is lightly damaged.
Comradetweed's ghost barely misses you. The wight completely misses you.
You closely miss comradetweed's ghost.
Comradetweed's ghost is lightly damaged.
You block comradetweed's ghost's attack.
The wight hits you but does no damage.
You completely miss comradetweed's ghost.
Comradetweed's ghost is lightly damaged.
The wight hits you but does no damage.
Comradetweed's ghost hits you but does no damage.
You hit comradetweed's ghost but do no damage.
Comradetweed's ghost is lightly damaged.
You block comradetweed's ghost's attack.
The wight closely misses you.
You barely miss comradetweed's ghost.
Comradetweed's ghost is lightly damaged.
Comradetweed's ghost hits you but does no damage.
The wight barely misses you.
You barely miss comradetweed's ghost.
Comradetweed's ghost is lightly damaged.
Comradetweed's ghost hits you.
The wight hits you from afar with a +0 halberd!
* * * LOW HITPOINT WARNING * * *
You hit comradetweed's ghost but do no damage.
Comradetweed's ghost is lightly damaged.
The wight completely misses you. Comradetweed's ghost hits you.
* * * LOW HITPOINT WARNING * * *
You barely miss comradetweed's ghost.
Comradetweed's ghost is lightly damaged.
The wight hits you from afar with a +0 halberd.
* * * LOW HITPOINT WARNING * * *
You feel drained.
* * * LOW HITPOINT WARNING * * *
You block comradetweed's ghost's attack.
The wight barely misses you. Comradetweed's ghost hits you!
You die...

... .... ..... .....
#####.....##
#§§§#...........
#§§§#<..........
###§##§§.........
#.§§§zW@..........
#§§§§§§§..........
#§§§§§§§..........
+...### #..§§............
#...##..#########......##
#....#..>.......+......#
.#....+..........#......#
.#...##..####.##'#.)....#
.#...# ###.#.....#####


You could see a wight and comradetweed's ghost.

Vanquished Creatures
  Grinder (D:3)
  An orc wizard (D:4)
  4 adders
  5 worms
  2 dart slugs (D:3)
  5 orcs
  5 ball pythons
  6 endoplasms
  2 giant cockroaches
  3 goblins (D:2)
  14 hobgoblins
  6 jackals (D:1)
  5 kobolds
  3 quokkas
  7 bats
  2 frilled lizards
  3 rats
74 creatures vanquished.

Notes
Turn   | Place    | Note
-------+----------+-------------------------------------------
     0 | D:1      | porada001 the Hill Orc Berserker began the quest for the
                  | Orb.
     0 | D:1      | Reached XP level 1. HP: 19/19 MP: 1/1
   937 | D:1      | Reached XP level 2. HP: 22/27 MP: 2/2
  1042 | D:1      | Reached skill level 4 in Fighting
  1116 | D:1      | Reached XP level 3. HP: 27/33 MP: 3/3
  1297 | D:1      | Reached ** piety under Trog
  1678 | D:2      | Reached skill level 5 in Axes
  1947 | D:2      | Reached XP level 4. HP: 34/41 MP: 4/4
  2059 | D:2      | Found a glowing silver altar of Zin.
  2588 | D:3      | Noticed Grinder
  2618 | D:3      | Paralysed by Grinder for 3 turns
  2618 | D:3      | HP: 1/61 [Grinder (3)]
  2623 | D:3      | Killed Grinder
  2624 | D:3      | Reached skill level 5 in Fighting
  2624 | D:3      | Reached XP level 5. HP: 4/48 MP: 5/5
  2624 | D:3      | Reached XP level 6. HP: 5/56 MP: 6/6
  2759 | D:3      | Found a glowing silver altar of Zin.
  3268 | D:3      | Found a burning altar of Makhleb.
  3270 | D:3      | Noticed an Executioner
  3274 | D:3      | Noticed a ynoxinul
  3274 | D:3      | Noticed a ynoxinul
  3487 | D:3      | Found an ornate altar of the Wu Jian Council.
  3791 | D:4      | Noticed a +0 spear
  3791 | D:4      | Noticed a +0 spear
  3792 | D:4      | Noticed a +0 falchion
  3792 | D:4      | Noticed a +0 short sword
  3792 | D:4      | Noticed a +0 dagger
  3832 | D:4      | Noticed Blork the orc
  3852 | D:4      | Reached skill level 8 in Fighting
  3852 | D:4      | Reached skill level 5 in Maces & Flails
  3852 | D:4      | Reached skill level 5 in Shields
  3852 | D:4      | Reached XP level 7. HP: 23/68 MP: 7/7
  3862 | D:4      | Gained mutation: You are partially covered in iridescent
                  | scales. (AC +2) [potion of mutation]
  3862 | D:4      | Gained mutation: You have hidden genetic potential. [potion
                  | of mutation]
  4054 | D:4      | Found the +8 storm bow {elec, penet}
  4055 | D:4      | Found a runed translucent door.
  4055 | D:4      | Noticed comradetweed's ghost (novice DsGl)
  4093 | D:4      | Slain by comradetweed's ghost

Illustrated notes

Levels and vault maps discovered:
D:1:      ncdulo_wetmaze, layout_basic, minmay_indecisive_spiral
D:2:      layout_loops_cross, basic_altar
D:3:      layout_basic, lemuel_doored_altar, pdpol_wu_jian_five_deadly_venoms,
          makhleb_altar_promises_db, minmay_bisected, uniq_grinder
D:4:      layout_gridville, trog_butcher_becter,
          nicolae_yredelemnul_corpse_copse, nicolae_uskayaw_en_pointe,
          serial_shops, kennysheep_mini_moat, ebering_ghost_inner_flame,
          uniq_sigmund, uniq_blork_the_orc

Skill      XL: |  1  2  3  4  5  6 |
---------------+-------------------+-----
Fighting       | 4 5 8 |  8.1
Axes           | 5 7 |  7.3
Dodging        | 2 4 |  4.7
Armour         | 6 |  6.3
Maces & Flails | 5 |  5.7
Stealth        | 4 |  4.4
Shields        | 5 |  5.2

Action                     |  1- 3 |  4- 6 |  7- 9 || total
---------------------------+-------+-------+-------++-------
  Melee: Hand axe          |   119 |    60 |       ||   179
         Mace              |       |    64 |    37 ||   101
         Punch             |       |     1 |       ||     1
    Use: Scroll            |     6 |     3 |       ||     9
         Potion            |     1 |     6 |     2 ||     9
 Armour: Animal skin       |    13 |       |       ||    13
         Scale mail        |    21 |       |       ||    21
         Chain mail        |     8 |    83 |    39 ||   130
         Ring mail         |     2 |       |       ||     2
         Skin              |       |     7 |       ||     7
  Dodge: Dodged            |   107 |    77 |    32 ||   216
  Block: Buckler           |       |     6 |    17 ||    23
